 Dungeon Crawl Stone Soup version 0.29.1-2-gbd0b4ee654 (webtiles) character file.

Game seed: 1277159096958620230

61 Ivernyr the Insei (level 4, -8/43 HPs)
             Began as an Octopode Transmuter on Oct 30, 2022.
             Mangled by an iguana (10 damage)
             ... on level 3 of the Dungeon.
             The game lasted 00:02:36 (1633 turns).

Ivernyr the Insei (Octopode Transmuter)             Turns: 1633, Time: 00:02:36

Health: -8/43      AC: 22    Str:  9    XL:     4   Next: 7%
Magic:  7/7        EV:  2    Int: 17    God:
Gold:   97         SH:  0    Dex: 16    Spells: 1/7 levels left

rFire   x . .      SeeInvis .   h - +6 whip of Heamu {vorpal, +Blink rF- Dex+4 Stlth+}
rCold   . . .      Faith    .   (no shield)
rNeg    . . .      Spirit   .   (helmet currently unavailable)
rPois   +          Reflect  .   (no amulet)
rElec   .          Harm     .   (no ring)
rCorr   .          Rampage  .   (no ring)
Will    .....      NoTele   +   (no ring)
Stlth   ++........              (no ring)
HPRegen 0.14/turn               (no ring)
MPRegen 0.10/turn               (no ring)
                                (no ring)
                                (no ring)

@: lethally poisoned (-8 -> -11), tree-form
A: stationary, stasis, torment immunity, boosted hp, almost no armour,
(amphibious), 8 rings, (camouflage 1), (gelatinous body 1), (nimble swimmer 1),
(tentacles)
a: Evoke Blink


You were on level 3 of the Dungeon.
You were a tree.
You visited 1 branch of the dungeon, and saw 3 of its levels.

You collected 97 gold pieces.

Inventory:

Hand Weapons
 h - the +6 whip of Heamu (weapon) {vorpal, +Blink rF- Dex+4 Stlth+}
   (You found it on level 2 of the Dungeon)

   It inflicts extra damage upon your enemies.
   Dex:       It affects your dexterity (+4).
   rF:        It makes you vulnerable to fire.
   +Blink:    It lets you blink.
   Stlth:     It makes you more stealthy.
Scrolls
 c - a scroll of teleportation {unknown}
 d - 2 scrolls of identify {unknown}
 e - a scroll of butterflies {unknown}
 g - 3 scrolls of acquirement {unknown}
 j - a scroll of silence {unknown}
 k - a scroll of enchant weapon {unknown}
Potions
 b - a potion of curing {unknown}
 f - a potion of flight {unknown}
 i - a potion of ambrosia {unknown}


   Skills:
 + Level 1.8 Fighting
 - Level 2.0 Dodging
 + Level 3.3 Unarmed Combat
 + Level 2.4 Spellcasting
 * Level 3.1 Transmutations


You had one spell level left.
You knew the following spells:

 Your Spells              Type           Power      Damage    Failure   Level
a - Beastly Appendage     Tmut           24%        N/A       5%          1
b - Wereblood             Tmut           12%        N/A       8%          2
c - Spider Form           Tmut/Pois      7%         N/A       28%         3

Your spell library contained the following spells:

 Spells                   Type           Power      Damage    Failure   Level
 Ignite Poison            Fire/Tmut/Pois 5%         N/A       36%         3
 Conjure Flame            Conj/Fire      2%         6-21      50%         3
 Ice Form                 Ice/Tmut       7%         N/A       67%         4
 Sticky Flame             Conj/Fire      2%         2d3       88%         4


Dungeon Overview and Level Annotations

Branches:
Dungeon (3/15)

Altars:


Innate Abilities, Weirdness & Mutations

You are a tree.
Your roots penetrate the ground, keeping you stationary.
You cannot be teleported.
You are immune to unholy pain and torment.
Your maximum health is greatly increased.
You cannot wear most types of armour.
((You are amphibious.))
You can wear up to eight rings at the same time.
((Your skin changes colour to match your surroundings (Stealth+).))
((Your rubbery body absorbs attacks. (AC +1, EV +1)))
((You are camouflaged when in or above water. (Stealth+)))
((You have tentacles for arms and can constrict up to eight enemies at once.))


Message History

A kobold and an iguana come into view.
The kobold is wielding a +0 club and quivering poisoned darts.
The iguana hisses angrily.
The kobold shouts!
You hear a shout!
Found 39 gold pieces and a short sword.
A worm, a rat and a goblin come into view.
Found a ring mail.
There is an open door here.
The kobold throws a poisoned dart.
The poisoned dart hits you!
You are poisoned.
The worm bites you. The iguana attacks as you move away!
The iguana closely misses you.
You feel very sick. The worm bites you!
There is an open door here.
You feel sick.
The kobold throws a poisoned dart.
The poisoned dart hits you.
You are lethally poisoned!
You barely miss the iguana. Your grab misses the iguana.
You feel very sick. The iguana misses you.
Okay, then.
Really quaff the potion of lignification?
You turn into a tree.
Your roots penetrate the ground.
You feel very sick. The iguana bites you.
* * * LOW HITPOINT WARNING * * *
You hit the iguana.
The iguana is heavily wounded.
* * * LOW HITPOINT WARNING * * *
You feel sick. The iguana bites you.
* * * LOW HITPOINT WARNING * * *
You hit the iguana.
The iguana is heavily wounded.
* * * LOW HITPOINT WARNING * * *
You feel sick.
The iguana bites you but does no damage.
You hit the iguana but do no damage.
The iguana is heavily wounded.
* * * LOW HITPOINT WARNING * * *
You feel sick. The iguana bites you!
You die...

.. ... ... ###'###
....#.....#
....#..$..#
.)'.$.[.+ #..$..#
#.Kw..# ###l###
#...♣.## ##.....##
##..)..## ##..†..##
##.....#
###+#######'####...
...................
#.>...#.##..##.#.
####.#........


You could see a worm, an iguana and a kobold.

Vanquished Creatures
  Terence (D:3)
  An adder (D:2)
  2 dart slugs (D:2)
  An orc (D:3)
  2 bats
  2 endoplasms
  2 goblins
  A hobgoblin (D:1)
  4 jackals (D:2)
  2 ball pythons (D:2)
  A frilled lizard (D:1)
  3 kobolds
  A rat (D:3)
23 creatures vanquished.

Notes
Turn   | Place    | Note
-------+----------+-------------------------------------------
     0 | D:1      | Ivernyr the Octopode Transmuter began the quest for the
                  | Orb.
     0 | D:1      | Reached XP level 1. HP: 13/13 MP: 3/3
   591 | D:1      | Reached XP level 2. HP: 18/18 MP: 5/5
   594 | D:1      | Learned a level 2 spell: Wereblood
   869 | D:2      | Found a faded altar of an unknown god.
   948 | D:2      | Identified the +6 whip of Heamu {vorpal, +Blink rF- Dex+4
                  | Stlth+}
  1193 | D:2      | Reached XP level 3. HP: 23/23 MP: 6/6
  1197 | D:2      | Learned a level 3 spell: Spider Form
  1583 | D:3      | Noticed Terence
  1587 | D:3      | Killed Terence
  1588 | D:3      | Reached XP level 4. HP: 29/29 MP: 7/7
  1633 | D:3      | HP: 2/43 [poisoned by a kobold]
  1633 | D:3      | Mangled by an iguana

Illustrated notes

Levels and vault maps discovered:
D:1:      eino_arrival_tree_alley, layout_basic
D:2:      layout_basic, nicolae_ecumenical_lake_church
D:3:      layout_loops_ring, grunt_temple_overflow_order_and_chaos_2,
          minmay_quadrilaterals, uniq_terence

Skill      XL: |  1  2  3 |
---------------+----------+-----
Transmutations | 3 |  3.1
Fighting       | |  1.8
Dodging        | |  2.0
Unarmed Combat | |  3.3
Spellcasting   | |  2.4

Action                   |  1- 3 |  4- 6 || total
-------------------------+-------+-------++-------
Melee: Unarmed           |    31 |       ||    31
       Constrict         |    13 |     1 ||    14
       Tentacles         |     9 |     1 ||    10
       Kick              |     3 |       ||     3
       Whip              |    21 |     6 ||    27
       Punch             |     1 |       ||     1
 Cast: Beastly Appendage |     2 |       ||     2
       Wereblood         |     1 |       ||     1
  Use: Potion            |       |     1 ||     1
 Stab: Sleeping          |     7 |       ||     7
Armor: Skin              |     2 |     2 ||     4
Dodge: Dodged            |    32 |     3 ||    35
